 Dungeon Sprint DCSS version 0.18-a0-124-g4fdfa27 (webtiles) character file.

49211 Kidiri the Unseen (level 13, -4/68 HPs)
             Began as a Spriggan Enchanter on Nov 20, 2015.
             Was the Champion of Dithmenos.
             Slain by a deep elf blademaster (7 damage)
             ... in the Dungeon (Sprint III: "The Ten Rune Challenge").
             The game lasted 00:25:39 (3127 turns).

Kidiri the Unseen (Spriggan Enchanter)              Turns: 3127, Time: 00:25:40

Health: -4/68      AC:  4    Str:  4    XL:     13   Next: 51%
Magic:  23/33      EV: 34    Int: 19    God:    Dithmenos [******]
Gold:   1900       SH:  9    Dex: 19    Spells: 12 memorised, 3 levels left

rFire  . . .     SeeInvis +     x - +0 rapier
rCold  . . .     Clarity  .     b - +1 robe
rNeg   . . .     SustAt   .     v - +0 buckler
rPois  +         Gourm    .     B - +1 hat
rElec  .         Spirit   .     (no cloak)
rCorr  .         Warding  .     (gloves unavailable)
rMut   .         NoTele   +     (boots unavailable)
MR     ++...                    (no amulet)
Stlth  ++++++++++               (no ring)
                                (no ring)

@: very slightly contaminated, wreathed by umbra, very quick, very resistant to
hostile enchantments, uncannily stealthy
A: unfitting armour, horns 1, thin skeletal structure 1, see invisible, clumsy
1, herbivore 3, speed 3, poison resistance, slow metabolism 2, spit poison 1,
MP-powered wands
a: Spit Poison, Shadow Step, Shadow Form, Renounce Religion
}: 1/10 runes: serpentine


You were in the Dungeon.
You worshipped Dithmenos.
Dithmenos was exalted by your worship.
You were not hungry.

You visited 1 branch You collected 1900 gold pieces.

Inventory:

Hand Weapons
 x - a +0 rapier (weapon)
Missiles
 c - 10 throwing nets (quivered)
Armour
 b - a +1 robe (worn)
 v - a +0 buckler (worn)
 B - a +1 hat (worn)
Scrolls
 j - a scroll of blinking
 k - 4 scrolls of remove curse
 m - a scroll of immolation {unknown}
 n - a scroll of identify {unknown}
 p - a scroll of torment {unknown}
 q - a scroll of random uselessness {unknown}
 y - a scroll of fear {unknown}
Potions
 e - 2 potions of curing
 g - 2 potions of haste
 o - 2 potions of cure mutation {unknown}
 r - a potion of degeneration {unknown}
 t - 2 potions of berserk rage
 u - a potion of might
 w - 2 potions of ambrosia {unknown}
 A - a potion of invisibility {unknown}
Books
 l - a book of Power

   Spells                             Type                      Level
   a - Fulminant Prism                Conjuration/Hexes            4
   b - Iskenderun's Mystic Blast      Conjuration                  4
   c - Venom Bolt                     Conjuration/Poison           5
   d - Bolt of Magma                  Conjuration/Fire/Earth       5
   e - Iron Shot                      Conjuration/Earth            6
   f - Orb of Destruction             Conjuration                  7
   g - Spellforged Servitor           Conjuration/Summoning        7
Comestibles
 d - a bread ration
 i - 25 royal jellies
 z - 6 fruits


   Skills:
 + Level 8.0 Fighting
 * Level 14.3 Short Blades
 + Level 7.1 Armour
 * Level 18.1 Dodging
 * Level 19.4 Stealth
 * Level 9.2 Shields
 * Level 15.6 Spellcasting
 + Level 6.8 Conjurations
 + Level 11.7 Hexes
 + Level 7.7 Ice Magic
 + Level 7.4 Air Magic
 + Level 2.9 Earth Magic
 + Level 8.5 Poison Magic
 - Level 2.6 Invocations


You had 3 spell levels left.
You knew the following spells:

 Your Spells              Type           Power        Failure   Level  Hunger
a - Corona                Hex            ######.      1%          1    None
b - Ensorcelled Hibernat  Hex/Ice        ######       1%          2    None
c - Confuse               Hex            ######..     1%          3    None
d - Tukima's Dance        Hex            ######..     1%          3    None
e - Dazzling Spray        Conj/Hex       ######..     1%          3    None
f - Cure Poison           Pois           #####.....   1%          2    None
g - Fulminant Prism       Conj/Hex       ######....   1%          4    None
h - Mephitic Cloud        Conj/Pois/Air  #####...     1%          3    None
i - Olgreb's Toxic Radia  Pois           #####...     1%          4    None
j - Iskenderun's Mystic   Conj           #####...     2%          4    None
k - Venom Bolt            Conj/Pois      #####.....   6%          5    ###....
l - Iron Shot             Conj/Erth      ####......   87%         6    #####..


Dungeon Overview and Level Annotations

Branches:
Dungeon (1/1)

Altars:
Cheibriados
Dithmenos
Elyvilon
Fedhas
Gozag
Kikubaaqudgha
Makhleb
Nemelex Xobeh
Okawaru
Qazlal
Ru
Sif Muna
Trog
Vehumet
Xom
Yredelemnul
Zin
The Shining One
Jiyva
Lugonu

Shops:
D =?=[%%


Innate Abilities, Weirdness & Mutations

You are tiny and cannot use many weapons and most armour.
You have supernaturally acute eyesight.
You are a herbivore.
You cover ground extremely quickly.
You need consume almost no food.
You have a pair of small horns on your head.
You have a somewhat thin skeletal structure (Dex +2, Stealth).
You are clumsy. (Dex -2)
Your system is resistant to poisons.
You can spit weak poison.
You expend magic power (3 MP) to strengthen your wands.


Message History

Magic courses through your body. The deep elf blademaster hits you!
You emit a cloud of dark smoke.
You block the deep elf blademaster's attack.
Casting: Dazzling Spray
Confirm with . or Enter, or press ? or * to list all spells.
Aiming: Venom Bolt
Press: ? - help, Shift-Dir - straight line, f/p - deep elf blademaster
Aim: a deep elf blademaster, wearing a runed plate armour and wearing a crude platinum ring (black smoke, severely wounded, umbra)
The bolt of poison misses the deep elf blademaster.
Your shadow mimicks your spell!
The shadow bolt misses the deep elf blademaster.
You block the deep elf blademaster's attack.
The deep elf blademaster hits you!
* * * LOW HITPOINT WARNING * * *
The deep elf blademaster hits you!
* * * LOW HITPOINT WARNING * * *
You block the deep elf blademaster's attack.
The deep elf blademaster completely misses you.
The deep elf blademaster hits you!
You die...

▓▓▓ ▓▓▓ ♣.#############.###
##########
♣♣.#___#__%#__##)§.####..'.#...#
♣..#)..#..)#[_#§.)§§))..##.#...##
♣..###+#+###+##§§§§§))..##.#...≈≈
♣..#..........#§@e§§....##.#...##
...'.⌠........#§§#.###.###.'..[#
.♣.#...######'#§#### ##.########
...#.⌠.#__#...#§#################
...#...#__#...#....#)#)#)....#...
...#+###__#...##.#.)#.##.###.#...
...#.).#__#...'##.#.#.##.#).##...
...#___#_.+...#...#..#..##.)+....
▓▓▓▓▓▓▓▓▓▓▓▓▓▓▓▓▓▓▓▓▓▓▓▓▓▓▓▓#....


You could see a deep elf blademaster.

Vanquished Creatures
  Rupert (D)
  Gastronok (D)
  A greater naga (D)
  Maud (D)
  A deep elf demonologist (D)
  2 dire elephants (D)
  A deep elf annihilator (D)
  2 deep elf death magi (D)
  Erolcha (D)
  2 hydras (D)
  A naga warrior (D)
  4 anacondas (D)
  4 death yaks (D)
  2 deep elf knights (D)
  A spriggan druid (D)
  3 death drakes (D)
  A lindwurm (D)
  2 deep elf summoners (D)
  A deep elf conjurer (D)
  An orc sorcerer (D)
  2 elephants (D)
  7 black mambas (D)
  A guardian serpent (D)
  A komodo dragon (D)
  2 spiny frogs (D)
  A queen bee (D)
  3 wandering mushrooms (D)
  A deep elf priest (D)
  A fire drake (D)
  8 blink frogs (D)
  A shadow (D)
  2 trapdoor spiders (D)
  2 spriggans (D)
  4 redbacks (D)
  2 hill giants (D)
  2 nagas (D)
  A spatial vortex (D)
  2 water moccasins (D)
  A necrophage (D)
  A swamp drake (D)
  An orc warrior (D)
  3 two-headed ogres (D)
  2 brain worms (D)
  A water elemental (D)
  A scorpion (D)
  32 killer bees (D)
  An electric eel (D)
  An orc priest (D)
  A wizard (D)
  A jelly (D)
  3 orc wizards (D)
  A necromancer (D)
  3 humans (D)
  A kobold demonologist (D)
  5 adders (D)
  11 orcs (D)
  A kobold (D)
  4 rats (D)
151 creatures vanquished.

Vanquished Creatures (others)
  2 draconian scorchers (D)
  3 yaktaurs (D)
  2 fulminant prisms (D)
  2 plants (D)
9 creatures vanquished.

Grand Total: 160 creatures vanquished

Notes
Turn   | Place    | Note
--------------------------------------------------------------
     0 | D        | Kidiri the Spriggan Enchanter began the quest for the Orb.
     0 | D        | Reached XP level 1. HP: 9/9 MP: 5/5
    69 | D        | Reached skill level 1 in Fighting
    69 | D        | Reached skill level 5 in Stealth
    69 | D        | Reached XP level 2. HP: 5/14 MP: 4/7
    80 | D        | Learned a level 2 spell: Ensorcelled Hibernation
   225 | D        | Killed a yaktaur
   289 | D        | Noticed a scorpion
   297 | D        | Killed a white draconian scorcher
   299 | D        | Killed a scorpion
   299 | D        | Reached skill level 1 in Armour
   299 | D        | Reached skill level 5 in Dodging
   299 | D        | Reached skill level 6 in Stealth
   299 | D        | Reached XP level 3. HP: 18/18 MP: 3/10
   299 | D        | Reached XP level 4. HP: 22/22 MP: 3/11
   304 | D        | Learned a level 3 spell: Confuse
   308 | D        | Learned a level 3 spell: Dazzling Spray
   312 | D        | Learned a level 3 spell: Tukima's Dance
   330 | D        | Gained mutation: You are agile. (Dex +2) [potion of mutation]
   330 | D        | Gained mutation: You expend magic power (3 MP) to strengthen your wands. [potion of mutation]
   330 | D        | Lost mutation: You are agile. (Dex +2) [potion of mutation]
   331 | D        | Gained mutation: You have a somewhat thin skeletal structure (Dex +2, Stealth). [potion of mutation]
   331 | D        | Gained mutation: You have a pair of small horns on your head. [potion of mutation]
   332 | D        | Gained mutation: You are clumsy. (Dex -2) [potion of mutation]
   332 | D        | Gained mutation: Your system is resistant to poisons. [potion of mutation]
   332 | D        | Gained mutation: You can spit weak poison. [potion of mutation]
   392 | D        | Reached skill level 7 in Stealth
   392 | D        | Reached skill level 5 in Spellcasting
   392 | D        | Reached skill level 5 in Hexes
   392 | D        | Reached skill level 1 in Ice Magic
   392 | D        | Reached XP level 5. HP: 24/26 MP: 11/13
   403 | D        | Noticed a shadow
   417 | D        | Killed a white draconian scorcher
   429 | D        | Reached skill level 8 in Stealth
   429 | D        | Reached skill level 1 in Conjurations
   438 | D        | Killed a shadow
   438 | D        | Reached skill level 5 in Short Blades
   438 | D        | Reached skill level 9 in Stealth
   438 | D        | Reached XP level 6. HP: 14/32 MP: 2/16
   669 | D        | Found a stormy altar of Qazlal.
   670 | D        | Found a sacrificial altar of Ru.
   670 | D        | Found a burning altar of Makhleb.
   670 | D        | Found a viscous altar of Jiyva.
   670 | D        | Found a shimmering altar of Xom.
   670 | D        | Found a shadowy altar of Dithmenos.
   670 | D        | Found a sparkling altar of Nemelex Xobeh.
   670 | D        | Found a corrupted altar of Lugonu.
   670 | D        | Found an opulent altar of Gozag.
   670 | D        | Noticed a spatial vortex
   675 | D        | Became a worshipper of Dithmenos the Shadowed
   693 | D        | Killed a spatial vortex
   693 | D        | Reached skill level 10 in Stealth
   693 | D        | Reached skill level 1 in Invocations
   796 | D        | Found a radiant altar of Vehumet.
   797 | D        | Found a deep blue altar of Sif Muna.
   797 | D        | Found an ancient bone altar of Kikubaaqudgha.
   810 | D        | Reached * piety under Dithmenos
   821 | D        | Learned a level 2 spell: Cure Poison
   826 | D        | Learned a level 4 spell: Fulminant Prism
   866 | D        | Found a glowing silver altar of Zin.
   867 | D        | Found a glowing golden altar of the Shining One.
   867 | D        | Found a white marble altar of Elyvilon.
   867 | D        | Noticed a deep elf priest
   869 | D        | Killed a deep elf priest
   869 | D        | Reached skill level 1 in Poison Magic
   869 | D        | Reached XP level 7. HP: 36/36 MP: 19/19
   884 | D        | Learned a level 3 spell: Mephitic Cloud
   884 | D        | Found an iron altar of Okawaru.
   885 | D        | Found a bloodstained altar of Trog.
   885 | D        | Noticed a human
   885 | D        | Noticed a human
   887 | D        | Killed a human
   887 | D        | Reached skill level 11 in Stealth
   888 | D        | Killed a human
   888 | D        | Reached ** piety under Dithmenos
   888 | D        | Reached skill level 10 in Dodging
   911 | D        | Found a snail-covered altar of Cheibriados.
   919 | D        | Reached skill level 1 in Air Magic
   919 | D        | Reached XP level 8. HP: 39/41 MP: 2/21
   934 | D        | Found a basalt altar of Yredelemnul.
   934 | D        | Found a blossoming altar of Fedhas.
  1070 | D        | Reached *** piety under Dithmenos
  1070 | D        | Reached skill level 1 in Shields
  1086 | D        | Noticed Erolcha
  1088 | D        | Killed Erolcha
  1088 | D        | Reached skill level 12 in Stealth
  1088 | D        | Reached XP level 9. HP: 45/45 MP: 21/23
  1089 | D        | Reached **** piety under Dithmenos
  1101 | D        | Learned a level 4 spell: Olgreb's Toxic Radiance
  1183 | D        | Reached skill level 13 in Stealth
  1183 | D        | Reached skill level 10 in Spellcasting
  1223 | D        | Reached ***** piety under Dithmenos
  1233 | D        | Reached ****** piety under Dithmenos
  1233 | D        | Reached skill level 5 in Fighting
  1235 | D        | Reached XP level 10. HP: 41/50 MP: 15/25
  1376 | D        | Reached skill level 10 in Short Blades
  1376 | D        | Reached skill level 14 in Stealth
  1389 | D        | Learned a level 4 spell: Iskenderun's Mystic Blast
  1444 | D        | Reached skill level 5 in Ice Magic
  1466 | D        | Reached skill level 5 in Shields
  1470 | D        | Noticed a lindwurm
  1473 | D        | Killed a lindwurm
  1473 | D        | Reached skill level 5 in Poison Magic
  1483 | D        | Noticed Maud
  1485 | D        | Killed Maud
  1485 | D        | Reached skill level 5 in Armour
  1485 | D        | Reached skill level 15 in Stealth
  1485 | D        | Reached XP level 11. HP: 52/55 MP: 27/27
  1491 | D        | Noticed a four-headed hydra
  1491 | D        | Noticed a six-headed hydra
  1504 | D        | Killed a four-headed hydra
  1509 | D        | Killed a six-headed hydra
  1584 | D        | Learned a level 5 spell: Venom Bolt
  1585 | D        | Noticed a death drake
  1588 | D        | Killed a death drake
  1588 | D        | Reached skill level 5 in Conjurations
  1595 | D        | Found a blossoming altar of Fedhas.
  1595 | D        | Noticed a spriggan druid
  1597 | D        | Killed a spriggan druid
  1621 | D        | Noticed an anaconda
  1625 | D        | Killed an anaconda
  1625 | D        | Reached skill level 15 in Dodging
  1625 | D        | Reached skill level 16 in Stealth
  1625 | D        | Reached skill level 5 in Air Magic
  1720 | D        | Noticed an anaconda
  1722 | D        | Killed an anaconda
  1722 | D        | Reached skill level 10 in Hexes
  1841 | D        | Noticed an anaconda
  1841 | D        | Noticed an anaconda
  1846 | D        | Killed an anaconda
  1851 | D        | Killed an anaconda
  1905 | D        | Reached XP level 12. HP: 61/61 MP: 25/30
  1931 | D        | Noticed a naga warrior
  1931 | D        | Noticed a greater naga
  1931 | D        | Found Ithupnoh's Jewellery Shop.
  1931 | D        | Found Enel's Antique Armour Shoppe.
  1934 | D        | Found Plog's Food Boutique.
  1935 | D        | Killed a greater naga
  1935 | D        | Reached skill level 17 in Stealth
  1936 | D        | Killed a naga warrior
  1954 | D        | Got a serpentine rune of Zot
  2089 | D        | Noticed Rupert
  2093 | D        | Killed Rupert
  2103 | D        | Noticed an azure jelly
  2103 | D        | Noticed an azure jelly
  2105 | D        | Reached skill level 18 in Stealth
  2123 | D        | Learned a level 6 spell: Iron Shot
  2286 | D        | Found Peih's Jewellery Shoppe.
  2291 | D        | Found Jorro's Magic Scroll Boutique.
  2363 | D        | Noticed an azure jelly
  2363 | D        | Noticed an azure jelly
  2364 | D        | Noticed a dire elephant
  2364 | D        | Noticed a dire elephant
  2364 | D        | Noticed Gastronok
  2366 | D        | Killed Gastronok
  2366 | D        | Reached skill level 1 in Earth Magic
  2366 | D        | Reached XP level 13. HP: 66/66 MP: 32/32
  2367 | D        | Killed a dire elephant
  2369 | D        | Killed a dire elephant
  2369 | D        | Reached skill level 15 in Spellcasting
  2492 | D        | Found Vyiwamume's Food Boutique.
  2603 | D        | Reached skill level 19 in Stealth
  2621 | D        | Noticed a deep elf demonologist
  2622 | D        | Noticed a deep elf annihilator
  2756 | D        | Killed a deep elf demonologist
  2862 | D        | Noticed a deep elf annihilator
  2863 | D        | Noticed a deep elf annihilator
  2871 | D        | Killed a deep elf annihilator
  3003 | D        | Noticed a deep elf blademaster
  3126 | D        | HP: 3/68 [deep elf blademaster (16)]
  3127 | D        | Slain by a deep elf blademaster

Vault maps used:
D:        dungeon_sprint_mu

Action                   |  1- 3 |  4- 6 |  7- 9 | 10-12 | 13-15 || total
-------------------------+-------+-------+-------+-------+-------++-------
Melee: Dagger            |    23 |    25 |    35 |    92 |    13 ||   188
 Cast: Corona            |     2 |       |     1 |       |       ||     3
       Ensorcelled Hiber |     2 |     3 |     5 |    16 |       ||    26
       Dazzling Spray    |       |    13 |     6 |     6 |    17 ||    42
       Olgreb's Toxic Ra |       |       |     1 |       |     3 ||     4
       Cure Poison       |       |       |     1 |       |     1 ||     2
       Confuse           |       |       |     1 |       |       ||     1
       Fulminant Prism   |       |       |       |     1 |     1 ||     2
       Venom Bolt        |       |       |       |       |    14 ||    14
       Iskenderun's Myst |       |       |       |       |     3 ||     3
       Mephitic Cloud    |       |       |       |       |     1 ||     1
Invok: Shadow Step       |       |       |       |    12 |     1 ||    13
  Use: Potion            |       |     5 |       |       |     5 ||    10
 Stab: Sleeping          |     4 |     3 |    12 |    59 |     4 ||    82
       Invisible         |       |     3 |       |     1 |       ||     4
       Confused          |       |       |     2 |       |       ||     2
  Eat: Bread ration      |       |       |       |     1 |       ||     1
